 Dungeon Crawl Stone Soup version 0.23.2-1-ga50397a (webtiles) character file.

Game seed: 13126914427495386104

277 Fang the Skirmisher (level 6, -23/58 HPs)
             Began as a Gargoyle Berserker on May 8, 2019.
             Was a Priest of Trog.
             Annihilated by an ogre
             ... wielding a cursed -1 giant spiked club
              (25 damage)
             ... on level 4 of the Dungeon.
             The game lasted 00:02:12 (2840 turns).

Fang the Skirmisher (Gargoyle Berserker)            Turns: 2840, Time: 00:02:13

Health: -23/58     AC: 16    Str: 28    XL:     6   Next: 25%
Magic:  0/6        EV:  8    Int:  7    God:    Trog [***...]
Gold:   117        SH:  0    Dex:  9    Spells: 5/5 levels left

rFire    . . .     SeeInvis +   a - +0 war axe
rCold    . . .     Gourm    .   (no shield)
rNeg     + . .     Faith    .   b - +0 plate armour
rPois    ∞         Spirit   +   (no helmet)
rElec    +         Reflect  .   (no cloak)
rCorr    .         Harm     .   (no gloves)
MR       .....                  (no boots)
Stlth    ..........             g - amulet of guardian spirit (curse)
HPRegen  0.19/turn              k - ring of see invisible
MPRegen  0.10/turn              (no ring)

@: berserking, very quick
A: negative energy resistance 1, electricity resistance, unbreathing,
petrification resistance, rot immunity, AC +4
a: Berserk, Trog's Hand, Renounce Religion


You were on level 4 of the Dungeon.
You worshipped Trog.
Trog was most pleased with you.
You were very hungry.

You visited 1 branch of the dungeon, and saw 4 of its levels.

You collected 117 gold pieces.

Inventory:

Hand Weapons
 a - a +0 war axe (weapon)
Armour
 b - a +0 plate armour (worn)
Jewellery
 g - a cursed amulet of guardian spirit (around neck)
 k - a ring of see invisible (left hand)
Scrolls
 h - 2 scrolls of remove curse {unknown}
 j - a scroll of identify {unknown}
 l - 2 scrolls of random uselessness {unknown}
 m - a scroll of magic mapping {unknown}
 q - a scroll of enchant armour {unknown}
Potions
 d - 3 potions of lignification {unknown}
 e - 2 potions of degeneration {unknown}
 f - a potion of heal wounds {unknown}
 i - a potion of might {unknown}
 n - a potion of agility {unknown}
 p - a potion of magic {unknown}
Comestibles
 c - 3 rations
 o - 4 chunks of flesh


   Skills:
 + Level 4.6 Fighting
 + Level 3.8 Axes
 + Level 4.0 Armour
 + Level 2.9 Dodging


You had 5 spell levels left.
You didn't know any spells.
Your spell library was empty.

Dungeon Overview and Level Annotations

Branches:
Dungeon (4/15)
 Temple: D:4-7

Altars:
Okawaru
Uskayaw

Shops:
D:4 !


Innate Abilities, Weirdness & Mutations

You are resistant to torment.
Your stone body is resilient. (AC +4)
You are immune to poison.
You resist negative energy. (rN+)
You are resistant to electric shocks. (rElec)
You can survive without breathing.
You are immune to petrification.
You are immune to rotting.


Message History

The ogre hits you with a cursed -1 giant spiked club!
You are too injured to fight recklessly!
You are too injured to fight recklessly!
You are too injured to fight recklessly!
You are too injured to fight recklessly!
You are too injured to fight recklessly!
You are too injured to fight recklessly!
You are too injured to fight recklessly!
You are too injured to fight recklessly!
You are too injured to fight recklessly!
You are too injured to fight recklessly!
A red film seems to cover your vision as you go berserk!
You feel yourself moving faster!
You feel mighty!
You are feeling very hungry.
The ogre hits you with a cursed -1 giant spiked club!!
* * * LOW HITPOINT WARNING * * *
Your plate armour prevents you from hitting the ogre.
The ogre is heavily wounded.
The ogre hits you with a cursed -1 giant spiked club!!
You die...

######### #..>....##
#######......(##
##............÷..
...#####..#####....)....
......O@......♣....<..##
........^...♣.∩.♣.....##
##############♣.......##
#.......## #.........
#........# ########.#
#.#


You could see an ogre.

Vanquished Creatures
  Crazy Yiuf (D:2)
  2 orc wizards (D:3)
  An iguana (D:4)
  4 gnolls (D:3)
  5 adders
  An ooze (D:1)
  4 worms
  2 dart slugs
  3 orcs (D:3)
  6 bats
  4 giant cockroaches
  2 goblins
  3 hobgoblins
  6 jackals
  8 kobolds
  4 quokkas
  3 frilled lizards
  A leopard gecko skeleton (D:4)
  6 rats
66 creatures vanquished.

Notes
Turn   | Place    | Note
-------+----------+-------------------------------------------
     0 | D:1      | Fang the Gargoyle Berserker began the quest for the Orb.
     0 | D:1      | Reached XP level 1. HP: 14/14 MP: 1/1
    90 | D:1      | Reached XP level 2. HP: 17/19 MP: 2/2
   469 | D:1      | Reached XP level 3. HP: 23/23 MP: 3/3
   804 | D:2      | Reached ** piety under Trog
  1161 | D:2      | Found a runed translucent door.
  1162 | D:2      | Noticed Crazy Yiuf
  1229 | D:2      | Reached XP level 4. HP: 26/29 MP: 4/4
  1549 | D:2      | Killed Crazy Yiuf
  2058 | D:3      | Reached XP level 5. HP: 29/33 MP: 5/5
  2088 | D:3      | HP: 1/49 [gnoll/+0 halberd (5)]
  2556 | D:3      | Found an iron altar of Okawaru.
  2556 | D:3      | Found a hide-covered altar of Uskayaw.
  2614 | D:3      | Reached XP level 6. HP: 31/39 MP: 6/6
  2668 | D:3      | Reached *** piety under Trog
  2788 | D:4      | Found Hievuod's Distillery.
  2839 | D:4      | HP: 2/58 [ogre/cursed -1 giant spiked club (23)]
  2840 | D:4      | Annihilated by an ogre

Skill      XL: |  1  2  3  4  5  6 |
---------------+-------------------+-----
Dodging        | 2 |  2.9
Axes           | 3 |  3.8
Armour         | 3 4 |  4.0
Fighting       | 4 |  4.6

Action                   |  1- 3 |  4- 6 || total
-------------------------+-------+-------++-------
Melee: Hand axe          |    98 |    98 ||   196
       War axe           |       |    69 ||    69
Invok: Berserk           |     1 |     3 ||     4
  Eat: Chunk             |     2 |     7 ||     9
Armor: Animal skin       |    41 |     7 ||    48
       Plate armour      |       |   133 ||   133
Dodge: Dodged            |    76 |   105 ||   181
